 Dungeon Crawl Stone Soup version 0.20.1-1-g8b1a95d (webtiles) character file.

77 Reinor the Ducker (level 4, 0/21 HPs)
             Began as a Spriggan Earth Elementalist on July 3, 2017.
             Slain by a hobgoblin (3 damage)
             ... on level 2 of the Dungeon.
             The game lasted 00:06:10 (1558 turns).

Reinor the Ducker (Spriggan Earth Elementalist)     Turns: 1558, Time: 00:06:10

Health: 0/21       AC:  3    Str:  4    XL:     4   Next: 14%
Magic:  10/10      EV: 20    Int: 15    God:
Gold:   104        SH:  0    Dex: 19    Spells: 7/10 levels left

rFire    . . .     SeeInvis +   o - -2 dagger (curse)
rCold    . . .     Gourm    .   (shield restricted)
rNeg     . . .     Faith    .   c - +1 robe
rPois    .         Spirit   .   (helmet restricted)
rElec    .         Reflect  .   (no cloak)
rCorr    .         Harm     .   (gloves unavailable)
MR       .....                  (boots unavailable)
Stlth    +++.......             (no amulet)
Regen    0.1/turn               q - -2 ring of intelligence (curse)
MPRegen  0.2/turn               r - +3 ring of dexterity

@: very quick
A: unfitting armour, see invisible, herbivore 3, speed 3, slow metabolism 2
a: no special abilities


You were on level 2 of the Dungeon.
You were not hungry.

You visited 1 branch of the dungeon, and saw 3 of its levels.

You collected 104 gold pieces.

Inventory:

Hand Weapons
 o - a cursed -2 dagger (weapon)
Missiles
 b - a stone (quivered)
 g - 38 poisoned needles
Armour
 c - a +1 robe (worn)
Jewellery
 q - a cursed -2 ring of intelligence (left hand)
 r - a +3 ring of dexterity (right hand)
Scrolls
 f - a scroll of identify
 h - a scroll of remove curse {unknown}
 j - 3 scrolls of amnesia {unknown}
 k - a scroll of teleportation
 l - 2 scrolls of enchant weapon {unknown}
 p - a scroll of immolation {unknown}
 s - a scroll of recharging {unknown}
Potions
 a - a potion of curing
 m - a potion of invisibility {unknown}
 n - a potion of resistance {unknown}
Books
 e - a book of Geomancy

   Spells                             Type                      Level
   a - Sandblast                      Earth                        1
   b - Passwall                       Transmutation/Earth          2
   c - Stone Arrow                    Conjuration/Earth            3
   d - Petrify                        Transmutation/Earth          4
   e - Lee's Rapid Deconstruction     Earth                        5
Comestibles
 d - a bread ration
 i - a royal jelly


   Skills:
 + Level 4.4 Dodging
 - Level 3.0 Stealth
 + Level 3.9 Spellcasting
 - Level 1.3 Transmutations
 + Level 3.3 Earth Magic


You had 7 spell levels left.
You knew the following spells:

 Your Spells              Type           Power        Failure   Level  Hunger
a - Sandblast             Erth           ##....       4%          1    None
b - Passwall              Tmut/Erth      ##........   11%         2    ##.....


Dungeon Overview and Level Annotations

Branches:
Dungeon (3/15)

Altars:


Innate Abilities, Weirdness & Mutations

You are very small and have problems with some larger weapons.
You are too small for most types of armour.
You have supernaturally acute eyesight. (SInv)
You are a herbivore.
You cover ground extremely quickly.
You need consume almost no food.


Message History

You hit the hobgoblin but do no damage.
The hobgoblin is almost dead.
The hobgoblin completely misses you.
You closely miss the hobgoblin.
The hobgoblin is almost dead.
The hobgoblin hits you.
You hit the hobgoblin but do no damage.
The hobgoblin is almost dead.
The hobgoblin hits you but does no damage.
You hit the hobgoblin but do no damage.
The hobgoblin is almost dead.
The hobgoblin misses you.
You hit the hobgoblin but do no damage.
The hobgoblin is almost dead.
The hobgoblin hits you.
* * * LOW HITPOINT WARNING * * *
You hit the hobgoblin but do no damage.
The hobgoblin is almost dead.
The hobgoblin hits you.
You die...

...........)..............#....#
###.......................#....##
#..################..........
#..#.#†#...# ####..........
#.###.#..#..# ##.##.....)....
#.##.#..###..#.#......÷......
#.###..##.##..##.##..........
#..#..##...##..#...#..#.#####
#....##[.(.g@..###......#
#####.##..##...##..#........#
......###..##.##†.##..###...#
####...#.#..###..#.##.###.#.#
#...##.#..#..#.##......###
#...#.#.#...#.#.#...##.#######
####...#############.#.##.......#
......>..............)........#.#
...........................#.....


You could see a hobgoblin.

Vanquished Creatures
  2 gnolls (D:2)
  An adder (D:2)
  An ooze (D:2)
  2 worms (D:2)
  A leopard gecko (D:1)
  2 giant cockroaches (D:1)
  3 goblins (D:1)
  4 hobgoblins (D:1)
  2 quokkas (D:2)
  6 bats (D:2)
  3 frilled lizards
  12 kobolds
  3 rats (D:2)
42 creatures vanquished.

Notes
Turn   | Place    | Note
-------+----------+-------------------------------------------
     0 | D:1      | Reinor the Spriggan Earth Elementalist began the quest for the Orb.
     0 | D:1      | Reached XP level 1. HP: 9/9 MP: 5/5
   286 | D:1      | Reached XP level 2. HP: 9/13 MP: 4/6
   311 | D:1      | Learned a level 2 spell: Passwall
   692 | D:2      | Reached skill level 4 in Dodging
   692 | D:2      | Reached XP level 3. HP: 16/16 MP: 3/8
  1486 | D:2      | Reached XP level 4. HP: 20/21 MP: 10/10
  1558 | D:2      | Slain by a hobgoblin

Skill      XL: |  1  2 |
---------------+-------+-----
Earth Magic    | 3 |  3.3
Dodging        | 4 |  4.4
Spellcasting   | 3 |  3.9
Stealth        | |  3.0
Transmutations | |  1.3

Action                   |  1- 3 |  4- 6 || total
-------------------------+-------+-------++-------
Melee: Unarmed           |    12 |       ||    12
       Dagger            |    20 |    51 ||    71
 Cast: Sandblast         |    62 |     2 ||    64
  Use: Scroll            |     3 |       ||     3
       Potion            |     2 |       ||     2
 Stab: Sleeping          |     1 |     2 ||     3
Armor: Robe              |     7 |    11 ||    18
Dodge: Dodged            |    70 |    61 ||   131
